 Dungeon Crawl Stone Soup version 0.31-a0-986-g5e6e4ef867 (webtiles) character file.

Game seed: 7198032261311654597

34 Maxmaps the Covert (level 3, 0/26 HPs)
             Began as an Octopode Delver on Nov 7, 2023.
             Slain by an orc wizard
             ... wielding a +0 dagger
              (5 damage)
             ... on level 4 of the Dungeon.
             The game lasted 00:00:18 (78 turns).

Maxmaps the Covert (Octopode Delver)                  Turns: 78, Time: 00:00:18

Health: 0/26       AC:  1    Str: 11    XL:     3   Next: 31%
Magic:  3/3        EV: 13    Int: 14    God:
Gold:   0          SH:  0    Dex: 13    Spells: 2/2 levels left

rFire   . .          .
                       - Unarmed
rCold   . . .        (no shield)
rNeg    . . .        (helmet restricted)
rPois   .            (no amulet)
rElec   .            (no ring)
rCorr   .            (no ring)
SInv    .            (no ring)
Will    .....        (no ring)
Stlth   +++          (no ring)
HPRegen 0.24/turn    (no ring)
MPRegen 0.08/turn    (no ring)
                     (no ring)

%: no passive effects
@: confused, hasted, very quick
A: almost no armour, amphibious, 8 rings, camouflage 1, gelatinous body 1,
(nimble swimmer 1), tentacles
a: no special abilities


You were on level 4 of the Dungeon.
You visited 1 branch of the dungeon, and saw 2 of its levels.

Inventory:

Wands
 e - a wand of digging (3)
Scrolls
 a - a scroll of fog
 b - a scroll of revelation
 c - a scroll of fear
 f - a scroll of teleportation {unknown}
 g - a scroll of poison {unknown}


   Skills:
 - Level 3.0 Fighting
 - Level 2.0 Dodging
 + Level 8.0 Stealth
 - Level 2.0 Unarmed Combat


You had 2 spell levels left.
You didn't know any spells.
Your spell library was empty.

Dungeon Overview and Level Annotations

Branches:
Dungeon (5/15)
 Temple: D:4-7

Altars:


Innate Abilities, Weirdness & Mutations

You cannot wear most types of armour.
You are amphibious.
You can wear up to eight rings at the same time.
Your skin changes colour to match your surroundings (Stealth+).
Your rubbery body absorbs attacks. (AC +1, EV +1)
((You are camouflaged when in or above water. (Stealth+)))
You have tentacles for arms and can constrict up to eight enemies at once.


Message History

The orc is severely wounded.
You constrict the orc.
You kill the orc!
Your Stealth skill increases to level 8!
You barely miss the orc. You grab the orc. You squeeze the orc!
You kill the orc!
You barely miss the orc wizard. Your grab misses the orc wizard.
The orc wizard hits you with a +0 dagger.
You tentacle-slap the orc wizard. Your grab misses the orc wizard.
You squeeze the orc wizard, but do no damage.
The orc wizard is moderately wounded.
The orc wizard gestures at you while chanting.
You are confused.
You're too confused to attack without stumbling around!
You're too confused to attack without stumbling around!
You're too confused to attack without stumbling around!
You bump into the rock wall.
The orc wizard hits you with a +0 dagger.
The orc wizard casts a spell at you. The magic dart hits you.
The orc wizard closely misses you.
You bump into the rock wall.
The orc wizard mumbles some strange words.
The orc wizard flickers and vanishes!
Deactivating autopickup; reactivate with Ctrl-A.
You feel less confused. Something hits you.
The orc wizard casts a spell.
The orc wizard flickers and vanishes!
You miss something. Your squeeze misses something. Something hits you.
You hear some strange, mumbled words.
Something tries to affect you, but you resist.
You miss something. Something hits you. Something barely misses you.
You feel yourself speed up. Something hits you.
You hear some strange, mumbled words.
You are confused.
You bump into the rock wall.
Something hits you. x2
* * * LOW HITPOINT WARNING * * *
Something hits you.
You die...

...####.#### .. .#.# .
##+###.#.#### .
#......#..... #.
#......#..### #.
#......#..### #.###
#......#.....
...##...####.....##..###
.......@{..'.....'...#
..#####.####.....##..#
#{# #.....##.....
#.)..########.....
........# #.....
.........+ #.....
..........# ......
...........# .#.#..
............#


There were no monsters in sight!

Vanquished Creatures
  An orc priest (D:4)
  2 orcs (D:4)
3 creatures vanquished.

Notes
Turn   | Place    | Note
-------+----------+-------------------------------------------
     0 | D:5      | Maxmaps the Octopode Delver began the quest for the Orb.
     0 | D:5      | Reached XP level 1. HP: 16/16 MP: 1/1
    56 | D:4      | Noticed a scorpion
    58 | D:4      | Noticed an orc wizard
    58 | D:4      | Noticed an orc wizard
    59 | D:4      | Noticed an orc priest
    61 | D:4      | Killed an orc priest
    62 | D:4      | Reached skill level 7 in Stealth
    62 | D:4      | Reached XP level 2. HP: 21/21 MP: 2/2
    62 | D:4      | Reached XP level 3. HP: 26/26 MP: 3/3
    65 | D:4      | Reached skill level 8 in Stealth
    78 | D:4      | Slain by an orc wizard

Illustrated notes

Levels and vault maps discovered:
D:4:      layout_basic, minmay_temple_entry_hall, serial_glass, glass_columns_a,
          glass_columns_c, uniq_edmund, uniq_sigmund, uniq_blork_the_orc
D:5:      layout_layer_cave, minivault_4, chequers_serial_rivers_large_a

Skill      XL: |  1  2  3 |
---------------+----------+-----
Stealth        | 7 8 |  8.0
Fighting       | |  3.0
Dodging        | |  2.0
Unarmed Combat | |  2.0

Action                     || total
---------------------------++-------
  Melee: Unarmed           ||     9
         Constrict         ||     3
         Tentacles         ||     3
    Use: Potion            ||     1
 Armour: Skin              ||    10
  Dodge: Dodged            ||     5

Table legend: (Time is in decaauts)
 A = Elapsed time spent in this place.
 B = Non-inter-level travel time spent in this place.
 C = Inter-level travel time spent in this place.
 D = Time resting spent in this place.
 E = Time spent auto-exploring this place.
 F = Levels seen in this place.
 G = Mean time per level.
                   A        B        C        D        E       F      G
               +--------+--------+--------+--------+--------+-----+--------+
         Total |     77 |     77 |      0 |      0 |     44 |   2 |   38.5 |
       Dungeon |     77 |     77 |      0 |      0 |     44 |   2 |   38.5 |
               +--------+--------+--------+--------+--------+-----+--------+

Top non-repeatable levels by time:
     D:4: 69 daAuts
     D:5: 8 daAuts
